 BcadrenCrawl: Boulder Brew version 0.06.7.3-23-g1ca577db0e (webtiles) character file.

Game seed: 7930088274871528068

4 MackTheKnife the Skirmisher (level 1, 0/29 HPs) Immature Draconian Gladiator. Began on Nov 17, 2023. Slain by a cinder newt (3 damage) ... on level 1 of the Dungeon. The game lasted 00:00:17 (38 turns).

MackTheKnife the Skirmisher (DrGl)                    Turns: 38, Time: 00:00:17

Health: 0/29       AC:  5    Str: 16    XL:     1 ^: 5
Magic:  1/1        EV: 12    Int:  8    God:
Gold:   0          SH:  0    Dex: 12    Spells: 0/0 levels left

rFire    . . .     Slash    +   a - +0 war axe {axe}
rCold    . . .     Pierce   x   (no weapon)
rNeg     . . .     Bludgeon .   (armour unavailable)
rCorr    . . .     Vision   .   b - +0 hat
rPois    .                      (no cloak)
rElec    .                      (no gloves)
MR       .....                  (no boots)
HPRegen  0.19/turn              (no amulet)
MPRegen  0.11/turn              (no ring)
Stlth    +.........             (no ring)

@: about to teleport
A: deformed body 2, cold-blooded, draconic flesh, AC +5
a: Breathe Dart


You were on level 1 of the Dungeon.
You were not hungry.

You visited 1 branch of the dungeon, and saw 1 of its levels.


Innate Abilities, Weirdness & Mutations

Your plain brown scales are resilient. (AC +5)
You can breathe rudimentary magical darts.
You cannot wear any armour on your peculiar form.
You are cold-blooded and are slowed more easily by cold attacks.
Your scales resist being cut, but it's oddly easy to stick a small blade between them. (rSlashing+, rPiercing-)


   Skills:
 + Level 2.7 Fighting
 + Level 2.5 Axes & Hammers
 - Level 2.4 Dodging
 - Level 2.0 Evocations


You couldn't memorise any spells.
You didn't know any spells.
Your spell library was empty.

Inventory:

Weapons
 a - a +0 war axe (weapon) {axe}
Armour
 b - a +0 hat (worn)
Wands
 c - a wand of ensnaring (9)
Comestibles
 d - a ration {@e2}

Dungeon Overview and Level Annotations

Branches:
Dungeon (1/8)

Altars:
Ashenzari

...%.........).......
#.........=##.......
......##...#8.......
..#......#...8...8
#......#8.......
##.w....##.......
#.......#####8<8#
##lr.....# #####
#@b..###... ##l###
.... .### #### _. ...
#### $.#. .. #.


You could see 2 cinder newts, a dart slug, a bat and a rat.


Message History

e - a scroll of teleportation {@r4} A cinder newt comes into view.
A cinder newt is nearby!
A cinder newt is nearby!
A cinder newt is nearby!
A cinder newt, a goblin and a kobold come into view.
The goblin shouts!
The kobold shouts!
The cinder newt hisses angrily.
The cinder newt hisses angrily.
You hit the cinder newt (2).
It resists.
You hit the cinder newt (1).
It is struck brutally!
The cinder newt barely misses you.
You hit the cinder newt but do no damage.
You barely miss the kobold. You hit the cinder newt (1).
It is struck brutally!
Your tail-slap misses the cinder newt.
The kobold barely misses you. The cinder newt bites you.
You are perforated ruthlessly!
The cinder newt burns you (3). The kobold closely misses you.
The cinder newt bites you.
You are perforated ruthlessly!
The cinder newt burns you (3). 😕 HP[-6]
You take 6 damage, and now have 23/29 hp.
MASSIVE DAMAGE!! (PAUSE)
The kobold hits you (3). The cinder newt bites you.
You are perforated ruthlessly!
The cinder newt burns you (3). 😮 HP[-6]
You take 6 damage, and now have 17/29 hp.
MASSIVE DAMAGE!! (PAUSE)
The goblin hits you but does no damage.
A rat comes into view.
Unknown command. 😮 HP[+1]
The goblin barely misses you. 😮 HP[+1]
A goblin comes into view.
The goblin shouts!
A rat, a hobgoblin and a dart slug come into view.
The hobgoblin moves out of view.
The hobgoblin shouts! 😮 HP[+1]
The hobgoblin hits you (1). 😮 HP[-1]
You take 1 damage, and now have 19/29 hp.
You hit the hobgoblin (5).
She is lacerated severely!
You kill the hobgoblin!
You hit the goblin (3).
He is lacerated severely!
You hit the goblin (6).
He is lacerated severely!
You kill the goblin!
A bat comes into view.
The goblin hits you (3). The kobold hits you but does no damage.
The goblin hits you but does no damage. The rat barely misses you.
The cinder newt bites you.
You are perforated ruthlessly!
The cinder newt burns you (3).
* * * LOW HITPOINT WARNING * * *
😨 HP[-6]
You take 6 damage, and now have 13/29 hp.
MASSIVE DAMAGE!! (PAUSE)
The goblin hits you but does no damage. The rat barely misses you.
Unknown command.
The bat hits you but does no damage. The bat hits you but does no damage.
Unknown command. 😨 HP[+1]
The bat barely misses you.
Found a splintered altar of Ashenzari.
The bat hits you (2).
* * * LOW HITPOINT WARNING * * *
😨 HP[-2]
You take 2 damage, and now have 12/29 hp.
The bat hits you but does no damage. 😨 HP[+1] Unknown command.
You hit the goblin (6).
He is lacerated severely!
You kill the goblin!
You hit the kobold (3).
She is lacerated severely!
You kill the kobold!
The bat hits you but does no damage.
Unknown command.
Okay, then.
As you read the scroll of teleportation {@r4}, it crumbles to dust.
You feel strangely unstable. The bat barely misses you.
The cinder newt bites you (3).
You are perforated ruthlessly!
* * * LOW HITPOINT WARNING * * *
The cinder newt burns you (3).
* * * LOW HITPOINT WARNING * * *
😱 HP[-6]
You take 6 damage, and now have 7/29 hp.
MASSIVE DAMAGE!! (PAUSE)
You hit the cinder newt (4).
It resists.
You closely miss the bat.
You hit the cinder newt but do no damage.
The bat barely misses you. The bat hits you but does no damage. x2
The cinder newt bites you.
You are perforated ruthlessly!
The cinder newt burns you (3).
* * * LOW HITPOINT WARNING * * *
The cinder newt bites you (2).
You are perforated ruthlessly!
* * * LOW HITPOINT WARNING * * *
The cinder newt burns you (3).
You die...

Action                   || total
-------------------------++-------
Melee: War axe           ||     5
       Unarmed           ||     3
  Use: Scroll            ||     1
Armor: Skin              ||    15
Dodge: Dodged            ||     9

Levels and vault maps discovered:
D:1:      mrwooster_arrival_statue_2, layout_rooms,
          nicolae_ashenzari_panopticon, portal_sewer_entry_e

Notes
Turn   | Place    | Note
-------+----------+-------------------------------------------
     0 | D:1      | MackTheKnife the Immature Draconian Gladiator began the
                  | quest for the Orb.
     0 | D:1      | Reached XP level 1. HP: 29/29 MP: 1/1
     0 | D:1      | magus.rc [v1.9.6]
    31 | D:1      | Found a splintered altar of Ashenzari.
    37 | D:1      | HP: 7/29 [cinder newt (3)]
    38 | D:1      | HP: 3/29 [cinder newt (2)]
    38 | D:1      | Slain by a cinder newt

Vanquished Creatures
  2 goblins (D:1)
  A hobgoblin (D:1)
  A kobold (D:1)
4 creatures vanquished.

Table legend:
 A = Non-vault XP
 B = Vault XP
 C = Vault XP percentage of total XP
 D = Non-vault monster count
 E = Vault monster count
 F = Vault count percentage of total count
                 A         B        C        D         E       F
            +---------+---------+-------+---------+---------+-------
      Total |       7 |       0 |   0.0 |       4 |       0 |   0.0
            +---------+---------+-------+---------+---------+-------
        D:1 |       7 |       0 |   0.0 |       4 |       0 |   0.0
            +---------+---------+-------+---------+---------+-------

Illustrated notes

Table legend:
 A = Kills in this place as a percentage of kills in entire the game.
 B = Kills by you in this place as a percentage of kills by you in the entire game.
 C = Kills by friends in this place as a percentage of kills by friends in the entire game.
 D = Other kills in this place as a percentage of other kills in the entire game.
 E = Experience gained in this place as a percentage of experience gained in the entire game.
 F = Experience gained in this place divided by the number of levels of this place that you have seen.
                   A       B       C       D       E      F
               +-------+-------+-------+-------+-------+----------------------
         Total | 100.0 | 100.0 |   N/A |   N/A | 100.0 |   7.0
       Dungeon | 100.0 | 100.0 |   N/A |   N/A | 100.0 |   7.0
               +-------+-------+-------+-------+-------+----------------------

Table legend: (Time is in decaauts)
 A = Elapsed time spent in this place.
 B = Non-inter-level travel time spent in this place.
 C = Inter-level travel time spent in this place.
 D = Time resting spent in this place.
 E = Time spent auto-exploring this place.
 F = Levels seen in this place.
 G = Mean time per level.
                   A        B        C        D        E       F      G
               +--------+--------+--------+--------+--------+-----+--------+
         Total |     40 |     40 |      0 |      0 |      4 |   1 |   40.0 |
       Dungeon |     40 |     40 |      0 |      0 |      4 |   1 |   40.0 |
               +--------+--------+--------+--------+--------+-----+--------+

Top non-repeatable levels by time:
     D:1: 40 daAuts
